 Dungeon Crawl Stone Soup version 0.28.0-53-g5a82cb258f (webtiles) character file.

Game seed: 9544757526799122988

6 Zeld the Conjurer (level 1, 0/10 HPs)
             Began as a Deep Elf Conjurer on June 11, 2022.
             Slain by a ball python (3 damage)
             ... on level 1 of the Dungeon.
             The game lasted 00:00:21 (179 turns).

Zeld the Conjurer (Deep Elf Conjurer)                Turns: 179, Time: 00:00:23

Health: 0/10       AC:  2    Str:  4    XL:     1   Next: 75%
Magic:  2/6        EV:  9    Int: 22    God:
Gold:   0          SH:  0    Dex: 13    Spells: 5/6 levels left

rFire   . . .      SeeInvis .   (no weapon)
rCold   . . .      Faith    .   (no shield)
rNeg    . . .      Spirit   .   a - +0 robe
rPois   .          Reflect  .   (no helmet)
rElec   .          Harm     .   (no cloak)
rCorr   .          Rampage  .   (no gloves)
Will    .....                   (no boots)
Stlth   ++........              (no amulet)
HPRegen 0.03/turn               c - ring of wizardry
MPRegen 0.10/turn               (no ring)

@: constricted
A: no striking features
a: no special abilities


You were on level 1 of the Dungeon.
You visited 1 branch of the dungeon, and saw 1 of its levels.

Inventory:

Armour
 a - a +0 robe (worn)
Jewellery
 c - a ring of wizardry (left hand)
Potions
 b - a potion of curing {unknown}


   Skills:
 - Level 2.4 Dodging
 - Level 2.4 Stealth
 + Level 3.1 Spellcasting
 + Level 4.4 Conjurations
 * Level 1.0 Hexes
 * Level 0.7 Translocations


You had 5 spell levels left.
You knew the following spells:

 Your Spells              Type           Power      Damage    Failure   Level
a - Magic Dart            Conj           88%        1d7       1%          1

Your spell library contained the following spells:

 Spells                   Type           Power      Damage    Failure   Level
 Searing Ray              Conj           44%        2d6       1%          2
 Dazzling Flash           Conj/Hex       30%        N/A       4%          3
 Fulminant Prism          Conj/Hex       7%         3d7       16%         4
 Iskenderun's Mystic Bla  Conj/Tloc      14%        2d5       16%         4


Dungeon Overview and Level Annotations

Branches:
Dungeon (1/15)

Altars:


Message History

You kill the frilled lizard!
The jackal barks!
You hear a shout!
A ball python comes into view.
A jackal comes into view.
The magic dart hits the jackal.
You kill the jackal!
The jackal barks!
The ball python hisses angrily.
You hear an angry hiss.
A hobgoblin comes into view.
A ball python comes into view.
The magic dart hits the jackal but does no damage.
The ball python hisses angrily.
A frilled lizard comes into view.
You hit the ball python but do no damage.
The ball python barely misses you. x2; The jackal barely misses you.
You barely miss the jackal.
The ball python bites you but does no damage.
The ball python barely misses you.
The jackal bites you but does no damage.
There are monsters nearby!
You hit the jackal but do no damage. The jackal bites you.
The ball python closely misses you. x2; The jackal completely misses you.
The magic dart hits the jackal.
You kill the jackal!
The ball python closely misses you. The ball python barely misses you.
Your Hexes skill increases to level 1!
You hit the hobgoblin but do no damage. Your punch misses the hobgoblin.
The hobgoblin hits you but does no damage.
The ball python closely misses you. The ball python barely misses you.
There are monsters nearby!
The magic dart hits the hobgoblin.
The hobgoblin is lightly wounded.
The ball python barely misses you. x2; The hobgoblin hits you.
The ball python bites you. The ball python grabs you.
The ball python constricts you. The ball python closely misses you.
You hit the ball python.
The ball python is moderately wounded.
The hobgoblin hits you. The ball python closely misses you.
The ball python constricts you.
* * * LOW HITPOINT WARNING * * *
The ball python bites you.
You die...

#..♣♣ ♣♣≈≈≈≈♣♣
##.♣♣♣ ♣♣♣≈≈≈♣♣♣
##..♣♣♣♣♣♣≈≈≈..♣♣♣
♣
##.....♣♣♣≈♣♣...♣♣♣
♣♣ ###.....♣♣
♣♣♣...♣♣ ♣♣.
#.....♣♣ ♣♣♣♣.♣♣♣.♣
#.#....♣♣♣ ♣♣...♣♣
#.##.....♣ ♣♣♣♣..
...#@S..♣.♣ ♣♣♣
.#.#gS##†..♣
.##...l# ##... ##
###... .. .... .
.#...# ##..## ....


You could see a hobgoblin, 2 ball pythons and a frilled lizard.

Vanquished Creatures
  A dart slug (D:1)
  2 jackals (D:1)
  A frilled lizard (D:1)
4 creatures vanquished.

Notes
Turn   | Place    | Note
-------+----------+-------------------------------------------
     0 | D:1      | Zeld the Deep Elf Conjurer began the quest for the Orb.
     0 | D:1      | Reached XP level 1. HP: 10/10 MP: 6/6
   177 | D:1      | Reached skill level 1 in Hexes
   179 | D:1      | Slain by a ball python

Illustrated notes

Levels and vault maps discovered:
D:1:      kilobyte_arrival_exit_the_forest, layout_loops_corners

Skill      XL: |  1 |
---------------+----+-----
Hexes          | 1 |  1.0
Dodging        | |  2.4
Stealth        | |  2.4
Spellcasting   | |  3.1
Conjurations   | |  4.4
Translocations | |  0.7

Action                   || total
-------------------------++-------
Melee: Unarmed           ||     5
 Cast: Magic Dart        ||     8
Armor: Robe              ||     3
Dodge: Dodged            ||    15
